Ducks vs Kings (R5)

Created - 27 avril 2024 at 03:55

Goals
1 2 3 T
Ducks 1 0 0 1
Kings 2 0 3 5
Shots
1 2 3 T
Ducks 17 6 17 40
Kings 13 11 8 32

1st period

1. Ducks , Conor Sheary 2 (Anze Kopitar 2, Victor Mete 1) at 1:13
2. Kings , Artemi Panarin 2 (Sebastian Aho 3, Evgeny Kuznetsov 1) at 6:32
3. Kings , Pierre-Luc Dubois 1 (John Tavares 3, Adam Fox 3) at 9:58 (PP)

Penalties :
Mikhail Sergachev (ANA) for Holding (Minor) at 8:28, Mikhail Sergachev (ANA) for Holding Stick (Minor) at 19:35

2nd period

No Goal

Penalties :
Zach Aston-Reese (ANA) for Hooking (Minor) at 14:10, Nicholas Paul (ANA) for Roughing (Minor) at 18:03

3rd period

4. Kings , Artemi Panarin 3 (Alex Pietrangelo 1, Evgeny Kuznetsov 2) at 1:58
5. Kings , Devin Shore 1 (Alex Pietrangelo 2, Jack Roslovic 1) at 9:40
6. Kings , John Tavares 1 (Jamie Oleksiak 3) at 10:43

Penalties :
Jack Roslovic (LAK) for High sticking (Minor) at 2:42, Marco Scandella (ANA) for High sticking (Minor) at 7:08, Pierre-Luc Dubois (LAK) for Fighting (Major) at 12:16, Marco Scandella (ANA) for Fighting (Major) at 12:16, Charlie McAvoy (ANA) for Cross-checking (Minor) at 12:32

Goalie Stats

Andrei Vasilevskiy (ANA), 26 saves from 30 shots - (0,867), L, 0-4-0, 49:40 minutes
Tristan Jarry (ANA), 1 saves from 2 shots - (0,500), 10:20 minutes
Jake Allen (LAK), 39 saves from 40 shots - (0,975), W, 4-0-0, 60:00 minutes

Players Stats for Ducks

Player Name              G  A  P  +/- PIM S  H  SB GA TA FO     MP     PP MP  PK MP  
------------------------------------------------------------------------------------
Alex Killorn             0  0  0  -1  0   1  3  1  1  0  0/0    13:57   0:00   1:23 
Anze Kopitar             0  1  1   1  0   7  2  2  0  0  17/35  20:47   1:07   5:34 
Brock Nelson             0  0  0  -2  0   3  3  2  1  0  6/11   19:28   0:52   5:34 
Charlie McAvoy           0  0  0  -1  2   2  2  3  0  1  0/0    26:46   0:55   5:01 
Conor Sheary             1  0  1   1  0   5  2  0  3  0  1/1    14:52   1:07   0:00 
Jakub Vrana              0  0  0  -1  0   4  0  0  1  0  0/1    13:54   0:00   0:35 
Justin Braun             0  0  0  -3  0   2  1  1  0  1  0/0    21:41   0:36   5:47 
Logan O'Connor           0  0  0  -1  0   0  1  0  0  0  0/0     7:15   0:00   0:00 
Marco Scandella          0  0  0   1  7   2  4  0  0  0  0/0    21:46   1:23   2:39 
Matthew Tkachuk          0  0  0  -2  0   4  3  0  1  0  1/2    13:33   0:52   0:00 
Micheal Ferland          0  0  0  -1  0   3  3  0  1  0  0/1     7:26   0:00   0:00 
Mikhail Sergachev        0  0  0  -2  4   1  2  1  0  0  0/0    20:48   0:00   3:21 
Nicholas Paul            0  0  0   1  2   0  4  0  0  0  0/1    19:55   1:07   4:45 
Nick Holden              0  0  0  -1  0   3  3  0  0  1  0/0    22:29   1:04   6:02 
Ryan McLeod              0  0  0  -1  0   1  3  0  0  0  3/11   12:34   0:00   0:28 
Shane Prince             0  0  0  -1  0   1  0  0  0  0  1/4     8:07   0:52   0:00 
Victor Mete              0  1  1   0  0   0  0  1  0  0  0/0     5:13   0:00   0:00 
Zach Aston-Reese         0  0  0  -2  2   1  3  0  0  0  0/0    17:57   0:00   4:31 

Players Stats for Kings

Player Name              G  A  P  +/- PIM S  H  SB GA TA FO     MP     PP MP  PK MP  
------------------------------------------------------------------------------------
Adam Fox                 0  1  1   0  0   0  2  1  0  0  0/0    23:16   7:41   1:13 
Alex Pietrangelo         0  2  2   2  0   1  1  1  0  3  0/0    23:26   3:44   0:46 
Artemi Panarin           2  0  2   2  0   5  1  0  0  0  1/1    15:58   4:14   0:00 
Devin Shore              1  0  1   1  0   1  1  0  0  0  2/3     8:50   0:00   0:09 
Dougie Hamilton          0  0  0   1  0   1  1  0  1  1  0/0    13:45   0:00   0:00 
Drake Batherson          0  0  0   1  0   0  2  0  0  1  0/0     8:32   0:00   0:00 
Evgeny Kuznetsov         0  2  2   2  0   2  1  0  0  0  9/13   17:16   3:53   0:00 
Jack Roslovic            0  1  1  -1  2   1  0  1  0  1  0/1    12:37   0:00   0:00 
Jamie Oleksiak           0  1  1   1  0   1  1  0  0  0  0/0    14:31   0:00   1:13 
John Tavares             1  1  2   1  0   7  1  0  0  1  21/37  22:24   7:32   0:56 
Kirby Dach               0  0  0  -1  0   0  2  0  0  1  2/7    12:42   0:00   0:04 
Oliver Bjorkstrand       0  0  0   1  0   0  1  0  0  0  1/1     9:53   0:18   0:54 
Pierre-Luc Dubois        1  0  1   1  5   4  7  0  1  0  0/1    17:54   6:15   0:00 
Rasmus Dahlin            0  0  0   1  0   1  1  0  0  0  0/0    18:44   3:44   0:00 
Roman Josi               0  0  0   1  0   1  1  1  0  0  0/0    26:18   7:41   0:46 
Sebastian Aho            0  1  1   2  0   0  1  0  0  0  1/1    17:14   4:31   0:59 
Troy Terry               0  0  0  -1  0   1  0  0  0  0  0/1    12:15   0:00   0:00 
Vladimir Tarasenko       0  0  0   1  0   6  0  2  1  0  1/1    22:24   7:32   0:56 

3 Stars

1 - Jake Allen (LAK)
2 - Artemi Panarin (LAK)
3 - John Tavares (LAK)

Power Play

Ducks - 0 on 1 Attempt(s) - 0,00%
Kings - 1 on 6 Attempt(s) - 16,67%

Penalty Kill

Ducks - 5 on 6 Attempt(s) - 83,33% - Score 0 goal in Penalty Kill
Kings - 1 on 1 Attempt(s) - 100,00% - Score 0 goal in Penalty Kill

Team Stat

Ducks - Hits : 39 - Faceoff Wins : 29 - Blocked Shots : 11 - Penalty Minutes : 17
Kings - Hits : 24 - Faceoff Wins : 38 - Blocked Shots : 6 - Penalty Minutes : 7

Official

Referees : Greg Kimmerly and Justin StPierre
Linesman : Scott Cherrey and Andrew Norris

Game Notes

Victor Mete is injured at 18:53 of 1st period (Sprained Left Ankle)
Tristan Jarry enters game at 9:40 of 3rd period
Pierre-Luc Dubois and Marco Scandella fight to a draw at 12:16 of 3rd period

Finance

Level 1 -- Attendance: 6000 (100,00%) -- Ticket Income $660,000
Level 2 -- Attendance: 5000 (100,00%) -- Ticket Income $350,000
Level 3 -- Attendance: 2135 (97,49%) -- Ticket Income $117,425
Level 4 -- Attendance: 4000 (100,00%) -- Ticket Income $140,000
Luxury Box -- Attendance: 1500 (100,00%) -- Ticket Income $450,000
Game was played at the HSBC Arena.
Total Attendance: 18635 (99,71%)
Total Ticket Income: $1,717,425
Other Income: $841,538
Total Income: $2,558,963

Ducks

5 vs 5 Forward 
   Center                   Left Wing                Right Wing               Time % Phy DF OF 
 1 Anze Kopitar             Nicholas Paul            Conor Sheary             33     0   2  3  
 2 Brock Nelson             Matthew Tkachuk          Zach Aston-Reese         32     0   2  3  
 3 Ryan McLeod              Jakub Vrana              Alex Killorn             30     0   2  3  
 4 Shane Prince             Micheal Ferland          Logan O'Connor           5      0   2  3  

5 vs 5 Defense 
   Defense                  Defense                                           Time % Phy DF OF 
 1 Marco Scandella          Charlie McAvoy                                    36     0   3  2  
 2 Mikhail Sergachev        Nick Holden                                       34     0   3  2  
 3 Justin Braun             Victor Mete                                       25     0   3  2  
 4 Marco Scandella          Charlie McAvoy                                    5      0   3  2  

PowerPlay Forward 
   Center                   Left Wing                Right Wing               Time % Phy DF OF 
 1 Anze Kopitar             Nicholas Paul            Conor Sheary             60     0   0  5  
 2 Brock Nelson             Matthew Tkachuk          Shane Prince             40     0   0  5  

PowerPlay Defense
   Defense                  Defense                                           Time % Phy DF OF 
 1 Marco Scandella          Charlie McAvoy                                    60     0   0  5  
 2 Victor Mete              Nick Holden                                       40     0   0  5  

Penalty Kill 4 Players Forward 
   Center                   Wing                     Time % Phy DF OF 
 1 Anze Kopitar             Brock Nelson             50     0   5  0  
 2 Nicholas Paul            Zach Aston-Reese         50     0   5  0  

Penalty Kill 4 Players Defense
   Defense                  Defense                  Time % Phy DF OF 
 1 Nick Holden              Charlie McAvoy           50     0   5  0  
 2 Marco Scandella          Justin Braun             50     0   5  0  

Penalty Kill - 3 Players Forward 
   Forward                                           Time % Phy DF OF 
 1 Anze Kopitar                                      50     0   5  0  
 2 Nicholas Paul                                     50     0   5  0  

Penalty Kill - 3 Players Defense
   Defense                  Defense                  Time % Phy DF OF 
 1 Nick Holden              Charlie McAvoy           50     0   5  0  
 2 Marco Scandella          Justin Braun             50     0   5  0  

4 vs 4 Forward 
   Center                   Wing                     Time % Phy DF OF 
 1 Anze Kopitar             Conor Sheary             60     0   2  3  
 2 Brock Nelson             Jakub Vrana              40     0   2  3  

4 vs 4 Defense
   Defense                  Defense                  Time % Phy DF OF 
 1 Justin Braun             Charlie McAvoy           60     0   3  2  
 2 Marco Scandella          Victor Mete              40     0   3  2  

Last Minutes Offensive
   Center                   Left Wing                Right Wing               Defense                  Defense                  
   Anze Kopitar             Matthew Tkachuk          Conor Sheary             Marco Scandella          Charlie McAvoy           

Last Minutes Defensive
   Center                   Left Wing                Right Wing               Defense                  Defense                  
   Anze Kopitar             Alex Killorn             Nicholas Paul            Nick Holden              Marco Scandella          

Goaltenders
Starting : Andrei Vasilevskiy       
Backup : Tristan Jarry            

Extra Forwards
Normal : Conor Sheary, Matthew Tkachuk, Alex Killorn - PP : Alex Killorn, Matthew Tkachuk - PK : Alex Killorn
Extra Defensemen
Normal : Charlie McAvoy, Justin Braun, Mikhail Sergachev - PP : Justin Braun - PK : Justin Braun, Mikhail Sergachev
Penalty Shots
Matthew Tkachuk, Jakub Vrana, Brock Nelson, Alex Killorn, Anze Kopitar
Custom OT Lines Forwards
Anze Kopitar, Conor Sheary, Ryan McLeod, Jakub Vrana, Matthew Tkachuk, Brock Nelson, Micheal Ferland, Nicholas Paul, Zach Aston-Reese, Alex Killorn
Custom OT Lines Defensemen
Marco Scandella, Justin Braun, Charlie McAvoy, Nick Holden, Victor Mete

Scratches
Nick Suzuki (Severed Right Wrist Tendon Injury), Noah Juulsen (Healthy)

Kings

5 vs 5 Forward 
   Center                   Left Wing                Right Wing               Time % Phy DF OF 
 1 John Tavares             Pierre-Luc Dubois        Vladimir Tarasenko       33     0   2  3  
 2 Evgeny Kuznetsov         Sebastian Aho            Artemi Panarin           31     0   2  3  
 3 Kirby Dach               Troy Terry               Jack Roslovic            30     0   3  2  
 4 Devin Shore              Oliver Bjorkstrand       Drake Batherson          6      1   2  2  

5 vs 5 Defense 
   Defense                  Defense                                           Time % Phy DF OF 
 1 Roman Josi               Alex Pietrangelo                                  40     1   3  1  
 2 Adam Fox                 Rasmus Dahlin                                     33     1   3  1  
 3 Dougie Hamilton          Jamie Oleksiak                                    27     0   3  2  
 4 Dougie Hamilton          Alex Pietrangelo                                  0      1   2  2  

PowerPlay Forward 
   Center                   Left Wing                Right Wing               Time % Phy DF OF 
 1 John Tavares             Pierre-Luc Dubois        Vladimir Tarasenko       56     0   0  5  
 2 Evgeny Kuznetsov         Artemi Panarin           Sebastian Aho            44     0   0  5  

PowerPlay Defense
   Defense                  Defense                                           Time % Phy DF OF 
 1 Roman Josi               Adam Fox                                          60     0   1  4  
 2 Rasmus Dahlin            Alex Pietrangelo                                  40     0   1  4  

Penalty Kill 4 Players Forward 
   Center                   Wing                     Time % Phy DF OF 
 1 John Tavares             Vladimir Tarasenko       50     0   5  0  
 2 Sebastian Aho            Jack Roslovic            50     0   5  0  

Penalty Kill 4 Players Defense
   Defense                  Defense                  Time % Phy DF OF 
 1 Adam Fox                 Jamie Oleksiak           50     0   5  0  
 2 Alex Pietrangelo         Roman Josi               50     0   5  0  

Penalty Kill - 3 Players Forward 
   Forward                                           Time % Phy DF OF 
 1 Artemi Panarin                                    50     0   5  0  
 2 Sebastian Aho                                     50     0   5  0  

Penalty Kill - 3 Players Defense
   Defense                  Defense                  Time % Phy DF OF 
 1 Adam Fox                 Jamie Oleksiak           50     0   5  0  
 2 Alex Pietrangelo         Roman Josi               50     0   5  0  

4 vs 4 Forward 
   Center                   Wing                     Time % Phy DF OF 
 1 Evgeny Kuznetsov         Artemi Panarin           50     0   2  3  
 2 John Tavares             Vladimir Tarasenko       50     0   2  3  

4 vs 4 Defense
   Defense                  Defense                  Time % Phy DF OF 
 1 Roman Josi               Adam Fox                 50     0   2  3  
 2 Alex Pietrangelo         Dougie Hamilton          50     0   2  3  

Last Minutes Offensive
   Center                   Left Wing                Right Wing               Defense                  Defense                  
   John Tavares             Sebastian Aho            Vladimir Tarasenko       Adam Fox                 Roman Josi               

Last Minutes Defensive
   Center                   Left Wing                Right Wing               Defense                  Defense                  
   John Tavares             Sebastian Aho            Vladimir Tarasenko       Adam Fox                 Roman Josi               

Goaltenders
Starting : Jake Allen               
Backup : Calvin Pickard           

Extra Forwards
Normal : Evgeny Kuznetsov, Sebastian Aho, Artemi Panarin - PP : Sebastian Aho, Artemi Panarin - PK : Sebastian Aho
Extra Defensemen
Normal : Roman Josi, Alex Pietrangelo, Adam Fox - PP : Roman Josi - PK : Alex Pietrangelo, Roman Josi
Penalty Shots
Evgeny Kuznetsov, Vladimir Tarasenko, Roman Josi, Artemi Panarin, Sebastian Aho
Custom OT Lines Forwards
Vladimir Tarasenko, John Tavares, Evgeny Kuznetsov, Artemi Panarin, Sebastian Aho, Pierre-Luc Dubois, Troy Terry, Jack Roslovic, Devin Shore, 
Custom OT Lines Defensemen
Adam Fox, Roman Josi, Alex Pietrangelo, Dougie Hamilton, Rasmus Dahlin

Scratches
Andrei Svechnikov (Broken Nose Injury)

% Time on Ice - Ducks

Lines # - Real PCT - Wanted PCT - Time Play
Normal Forward
1 - 30% - 33% - 14:06
2 - 28% - 32% - 13:09
3 - 26% - 30% - 12:06
4 - 16% - 5% - 7:15
Normal Defense
1 - 39% - 36% - 18:01
2 - 30% - 34% - 13:55
3 - 30% - 25% - 13:53
4 - 2% - 5% - 0:47
PP Forward
1 - 56% - 60% - 1:07
2 - 44% - 40% - 0:52
PP Defense
1 - 46% - 60% - 0:55
2 - 54% - 40% - 1:04
PK Forward
1 - 49% - 50% - 5:34
2 - 51% - 50% - 5:51
PK Defense
1 - 49% - 50% - 5:38
2 - 51% - 50% - 5:47
PK3 Forward
1 - 0% - 50%
2 - 0% - 50%
PK3 Defense
1 - 0% - 50%
2 - 0% - 50%
44 Forward
1 - 0% - 60%
2 - 0% - 40%
44 Defense
1 - 0% - 60%
2 - 0% - 40%
Last Minute Offensive  - 0:00
Last Minute Defensive  - 0:00
Total
Forward - 60:00
Defense - 60:00

% Time on Ice - Kings

Lines # - Real PCT - Wanted PCT - Time Play
Normal Forward
1 - 30% - 33% - 13:56
2 - 26% - 31% - 11:53
3 - 26% - 30% - 12:15
4 - 18% - 6% - 8:32
Normal Defense
1 - 38% - 40% - 17:32
2 - 33% - 33% - 15:19
3 - 29% - 27% - 13:18
4 - 1% - 0% - 0:27
PP Forward
1 - 66% - 56% - 7:32
2 - 34% - 44% - 3:53
PP Defense
1 - 67% - 60% - 7:41
2 - 33% - 40% - 3:44
PK Forward
1 - 47% - 50% - 0:56
2 - 53% - 50% - 1:03
PK Defense
1 - 61% - 50% - 1:13
2 - 39% - 50% - 0:46
PK3 Forward
1 - 0% - 50%
2 - 0% - 50%
PK3 Defense
1 - 0% - 50%
2 - 0% - 50%
44 Forward
1 - 0% - 50%
2 - 0% - 50%
44 Defense
1 - 0% - 50%
2 - 0% - 50%
Last Minute Offensive  - 0:00
Last Minute Defensive  - 0:00
Total
Forward - 60:00
Defense - 60:00

Play-by-Play

1st period


0:01 of 1st period - Anze Kopitar wins face-off versus John Tavares in neutral zone.
0:48 of 1st period - Troy Terry is hit by Nick Holden and loses puck.
1:13 of 1st period - Slapshot by Conor Sheary.
1:13 of 1st period - Goal by Conor Sheary - Ducks : 1 - Kings : 0.
1:14 of 1st period - Oliver Bjorkstrand wins face-off versus Ryan McLeod in neutral zone.
1:23 of 1st period - Snap shot by Oliver Bjorkstrand.
1:23 of 1st period - Shot Misses the Net.
1:48 of 1st period - Snap shot by Conor Sheary.
1:48 of 1st period - Shot Misses the Net.
1:50 of 1st period - Backhand shot by Marco Scandella.
1:50 of 1st period - Shot Misses the Net.
2:06 of 1st period - Snap shot by Micheal Ferland.
2:06 of 1st period - Stopped by Jake Allen without a rebound.
2:07 of 1st period - John Tavares wins face-off versus Shane Prince in Kings zone.
2:20 of 1st period - Wrist shot by Micheal Ferland.
2:20 of 1st period - Stopped by Jake Allen with a rebound.
2:26 of 1st period - Nick Holden is hit by John Tavares and loses puck.
2:37 of 1st period - Wrist shot by Micheal Ferland.
2:37 of 1st period - Stopped by Jake Allen without a rebound.
2:38 of 1st period - Evgeny Kuznetsov wins face-off versus Brock Nelson in Kings zone.
2:38 of 1st period - Artemi Panarin is hit by Zach Aston-Reese and loses puck.
3:04 of 1st period - Roman Josi is hit by Marco Scandella and loses puck.
3:11 of 1st period - Snap shot by Matthew Tkachuk.
3:11 of 1st period - Shot Misses the Net.
3:13 of 1st period - Slapshot by Charlie McAvoy.
3:13 of 1st period - Stopped by Jake Allen with a rebound.
3:15 of 1st period - Wrist shot by Matthew Tkachuk.
3:15 of 1st period - Shot Blocked by Adam Fox.
3:17 of 1st period - Snap shot by Matthew Tkachuk.
3:17 of 1st period - Deflect By Evgeny Kuznetsov.
3:17 of 1st period - Stopped by Jake Allen with a rebound.
3:19 of 1st period - Slapshot by Marco Scandella.
3:19 of 1st period - Stopped by Jake Allen without a rebound.
3:20 of 1st period - Anze Kopitar wins face-off versus Kirby Dach in Kings zone.
3:33 of 1st period - Slapshot by Dougie Hamilton.
3:33 of 1st period - Shot Blocked by Anze Kopitar.
3:55 of 1st period - Slapshot by Vladimir Tarasenko.
3:55 of 1st period - Stopped by Andrei Vasilevskiy without a rebound.
3:56 of 1st period - Ryan McLeod wins face-off versus John Tavares in Ducks zone.
3:56 of 1st period - Ryan McLeod is hit by Roman Josi.
4:02 of 1st period - Slapshot by Marco Scandella.
4:02 of 1st period - Stopped by Jake Allen with a rebound.
5:12 of 1st period - Wrist shot by Oliver Bjorkstrand.
5:12 of 1st period - Shot Blocked by Mikhail Sergachev.
5:27 of 1st period - Off-side.
5:28 of 1st period - Vladimir Tarasenko wins face-off versus Ryan McLeod in neutral zone.
5:31 of 1st period - Snap shot by John Tavares.
5:31 of 1st period - Stopped by Andrei Vasilevskiy without a rebound.
5:32 of 1st period - John Tavares wins face-off versus Ryan McLeod in Ducks zone.
5:45 of 1st period - Wrist shot by John Tavares.
5:45 of 1st period - Shot Misses the Net.
5:47 of 1st period - Slapshot by Jamie Oleksiak.
5:47 of 1st period - Stopped by Andrei Vasilevskiy with a rebound.
5:51 of 1st period - Wrist shot by Vladimir Tarasenko.
5:51 of 1st period - Stopped by Andrei Vasilevskiy with a rebound.
5:53 of 1st period - Snap shot by John Tavares.
5:53 of 1st period - Shot Blocked by Alex Killorn.
5:55 of 1st period - Snap shot by John Tavares.
5:55 of 1st period - Stopped by Andrei Vasilevskiy with a rebound.
5:57 of 1st period - Snap shot by Pierre-Luc Dubois.
5:57 of 1st period - Shot Misses the Net.
5:59 of 1st period - Wrist shot by Vladimir Tarasenko.
5:59 of 1st period - Deflect By Pierre-Luc Dubois.
5:59 of 1st period - Stopped by Andrei Vasilevskiy without a rebound.
6:00 of 1st period - Anze Kopitar wins face-off versus Kirby Dach in Ducks zone.
6:07 of 1st period - Slapshot by Marco Scandella.
6:07 of 1st period - Deflect By Anze Kopitar.
6:07 of 1st period - Stopped by Jake Allen with a rebound.
6:24 of 1st period - Icing by Kirby Dach.
6:25 of 1st period - Evgeny Kuznetsov wins face-off versus Brock Nelson in Kings zone.
6:30 of 1st period - Wrist shot by Artemi Panarin.
6:30 of 1st period - Shot Misses the Net.
6:32 of 1st period - Wrist shot by Sebastian Aho.
6:32 of 1st period - Deflect By Artemi Panarin.
6:32 of 1st period - Goal by Artemi Panarin - Ducks : 1 - Kings : 1.
6:33 of 1st period - Kirby Dach wins face-off versus Anze Kopitar in neutral zone.
6:33 of 1st period - Roman Josi is hit by Nick Holden.
6:39 of 1st period - Snap shot by Roman Josi.
6:39 of 1st period - Deflect By Jack Roslovic.
6:39 of 1st period - Shot Misses the Net.
6:39 of 1st period - Puck is out of play.
6:40 of 1st period - Anze Kopitar wins face-off versus Kirby Dach in Ducks zone.
6:40 of 1st period - Anze Kopitar is hit by Kirby Dach.
6:46 of 1st period - Jack Roslovic is hit by Nicholas Paul and loses puck.
6:55 of 1st period - Snap shot by Anze Kopitar.
6:55 of 1st period - Shot Misses the Net.
6:57 of 1st period - Snap shot by Nicholas Paul.
6:57 of 1st period - Shot Blocked by Jack Roslovic.
6:59 of 1st period - Slapshot by Nick Holden.
6:59 of 1st period - Stopped by Jake Allen with a rebound.
7:03 of 1st period - Wrist shot by Anze Kopitar.
7:03 of 1st period - Stopped by Jake Allen without a rebound.
7:04 of 1st period - Evgeny Kuznetsov wins face-off versus Ryan McLeod in Kings zone.
7:31 of 1st period - Vladimir Tarasenko is hit by Brock Nelson and loses puck.
8:02 of 1st period - Wrist shot by Anze Kopitar.
8:02 of 1st period - Shot Misses the Net.
8:04 of 1st period - Slapshot by Nick Holden.
8:04 of 1st period - Stopped by Jake Allen without a rebound.
8:05 of 1st period - Evgeny Kuznetsov wins face-off versus Ryan McLeod in Kings zone.
8:05 of 1st period - Evgeny Kuznetsov is hit by Mikhail Sergachev.
8:28 of 1st period - Minor Penalty to Mikhail Sergachev for Holding.
8:29 of 1st period - John Tavares wins face-off versus Anze Kopitar in Ducks zone.
8:56 of 1st period - Zach Aston-Reese is hit by Pierre-Luc Dubois and loses puck.
9:12 of 1st period - Vladimir Tarasenko is hit by Charlie McAvoy.
9:22 of 1st period - Wrist shot by John Tavares.
9:22 of 1st period - Stopped by Andrei Vasilevskiy with a rebound.
9:46 of 1st period - Wrist shot by John Tavares.
9:46 of 1st period - Shot Blocked by Charlie McAvoy.
9:52 of 1st period - Snap shot by Vladimir Tarasenko.
9:52 of 1st period - Stopped by Andrei Vasilevskiy with a rebound.
9:54 of 1st period - Snap shot by Adam Fox.
9:54 of 1st period - Shot Blocked by Charlie McAvoy.
9:56 of 1st period - Snap shot by John Tavares.
9:56 of 1st period - Stopped by Andrei Vasilevskiy with a rebound.
9:58 of 1st period - Wrist shot by Pierre-Luc Dubois.
9:58 of 1st period - Goal by Pierre-Luc Dubois - Ducks : 1 - Kings : 2.
9:59 of 1st period - Evgeny Kuznetsov wins face-off versus Ryan McLeod in neutral zone.
10:12 of 1st period - Snap shot by Jakub Vrana.
10:12 of 1st period - Stopped by Jake Allen with a rebound.
10:50 of 1st period - Wrist shot by Anze Kopitar.
10:50 of 1st period - Shot Blocked by Roman Josi.
10:58 of 1st period - Anze Kopitar is hit by Drake Batherson and loses puck.
11:13 of 1st period - Snap shot by Sebastian Aho.
11:13 of 1st period - Shot Misses the Net.
11:41 of 1st period - Justin Braun is hit by Devin Shore.
12:28 of 1st period - Dougie Hamilton is hit by Logan O'Connor and loses puck.
12:48 of 1st period - Charlie McAvoy is hit by Artemi Panarin and loses puck.
12:55 of 1st period - Brock Nelson is hit by Dougie Hamilton and loses puck.
13:34 of 1st period - Marco Scandella is hit by Rasmus Dahlin and loses puck.
13:39 of 1st period - Snap shot by Jack Roslovic.
13:39 of 1st period - Stopped by Andrei Vasilevskiy without a rebound.
13:40 of 1st period - Anze Kopitar wins face-off versus Evgeny Kuznetsov in Ducks zone.
14:04 of 1st period - Icing by Nick Holden.
14:05 of 1st period - Anze Kopitar wins face-off versus John Tavares in Ducks zone.
14:05 of 1st period - Anze Kopitar is hit by Pierre-Luc Dubois.
15:11 of 1st period - Slapshot by Roman Josi.
15:11 of 1st period - Shot Blocked by Victor Mete.
15:25 of 1st period - Alex Pietrangelo is hit by Micheal Ferland and loses puck.
15:42 of 1st period - Matthew Tkachuk is hit by Pierre-Luc Dubois and loses puck.
16:01 of 1st period - Snap shot by Brock Nelson.
16:01 of 1st period - Stopped by Jake Allen with a rebound.
16:03 of 1st period - Snap shot by Anze Kopitar.
16:03 of 1st period - Stopped by Jake Allen with a rebound.
16:05 of 1st period - Wrist shot by Anze Kopitar.
16:05 of 1st period - Stopped by Jake Allen with a rebound.
16:07 of 1st period - Slapshot by Justin Braun.
16:07 of 1st period - Stopped by Jake Allen without a rebound.
16:08 of 1st period - Ryan McLeod wins face-off versus John Tavares in Kings zone.
16:59 of 1st period - Troy Terry is hit by Zach Aston-Reese and loses puck.
17:20 of 1st period - Shane Prince is hit by Adam Fox and loses puck.
17:25 of 1st period - Wrist shot by Evgeny Kuznetsov.
17:25 of 1st period - Shot Blocked by Charlie McAvoy.
17:48 of 1st period - Slapshot by Marco Scandella.
17:48 of 1st period - Shot Blocked by Alex Pietrangelo.
18:36 of 1st period - Brock Nelson is hit by Evgeny Kuznetsov and loses puck.
18:41 of 1st period - Slapshot by Artemi Panarin.
18:41 of 1st period - Stopped by Andrei Vasilevskiy without a rebound.
18:42 of 1st period - Anze Kopitar wins face-off versus John Tavares in Ducks zone.
18:52 of 1st period - Victor Mete is hit by Pierre-Luc Dubois and loses puck.
18:53 of 1st period - Victor Mete from Ducks is injured at 18:53 of 1st period (Sprained Left Ankle).
18:54 of 1st period - Brock Nelson wins face-off versus Pierre-Luc Dubois in Ducks zone.
19:11 of 1st period - Wrist shot by Brock Nelson.
19:11 of 1st period - Deflect By Vladimir Tarasenko.
19:11 of 1st period - Shot Misses the Net.
19:11 of 1st period - Puck is out of play.
19:12 of 1st period - Conor Sheary wins face-off versus Evgeny Kuznetsov in Kings zone.
19:15 of 1st period - Wrist shot by Conor Sheary.
19:15 of 1st period - Shot Misses the Net.
19:35 of 1st period - Minor Penalty to Mikhail Sergachev for Holding Stick.
19:36 of 1st period - John Tavares wins face-off versus Anze Kopitar in Ducks zone.
19:53 of 1st period - Roman Josi is hit by Anze Kopitar and loses puck.
Goals for this period are 1 for Ducks vs 2 for Kings.
Shots for this period are 17 for Ducks vs 13 for Kings.

2nd period


0:01 of 2nd period - John Tavares wins face-off versus Anze Kopitar in neutral zone.
1:35 of 2nd period - Penalty to Mikhail Sergachev is over, Mikhail Sergachev is back on ice.
1:59 of 2nd period - Icing by Mikhail Sergachev.
2:00 of 2nd period - Devin Shore wins face-off versus Shane Prince in Ducks zone.
2:39 of 2nd period - Wrist shot by Anze Kopitar.
2:39 of 2nd period - Shot Misses the Net.
3:03 of 2nd period - Wrist shot by Vladimir Tarasenko.
3:03 of 2nd period - Stopped by Andrei Vasilevskiy with a rebound.
3:15 of 2nd period - Snap shot by Alex Killorn.
3:15 of 2nd period - Deflect By Jakub Vrana.
3:15 of 2nd period - Stopped by Jake Allen without a rebound.
3:16 of 2nd period - Kirby Dach wins face-off versus Ryan McLeod in Kings zone.
3:16 of 2nd period - Kirby Dach is hit by Ryan McLeod.
3:30 of 2nd period - Snap shot by Jakub Vrana.
3:30 of 2nd period - Stopped by Jake Allen with a rebound.
3:46 of 2nd period - Snap shot by Artemi Panarin.
3:46 of 2nd period - Deflect By Evgeny Kuznetsov.
3:46 of 2nd period - Shot Misses the Net.
3:46 of 2nd period - Puck is out of play.
3:47 of 2nd period - Evgeny Kuznetsov wins face-off versus Brock Nelson in Ducks zone.
3:58 of 2nd period - Sebastian Aho is hit by Brock Nelson and loses puck.
4:24 of 2nd period - Charlie McAvoy is hit by Pierre-Luc Dubois and loses puck.
6:31 of 2nd period - Devin Shore is hit by Alex Killorn and loses puck.
6:50 of 2nd period - Slapshot by Vladimir Tarasenko.
6:50 of 2nd period - Stopped by Andrei Vasilevskiy without a rebound.
6:51 of 2nd period - John Tavares wins face-off versus Matthew Tkachuk in Ducks zone.
7:00 of 2nd period - Pierre-Luc Dubois is hit by Matthew Tkachuk and loses puck.
7:17 of 2nd period - Jamie Oleksiak is hit by Nicholas Paul and loses puck.
7:40 of 2nd period - Evgeny Kuznetsov is hit by Alex Killorn.
7:55 of 2nd period - Icing by Jamie Oleksiak.
7:56 of 2nd period - Shane Prince wins face-off versus Devin Shore in Kings zone.
7:59 of 2nd period - Backhand shot by Shane Prince.
7:59 of 2nd period - Stopped by Jake Allen without a rebound.
8:00 of 2nd period - Devin Shore wins face-off versus Micheal Ferland in Kings zone.
8:42 of 2nd period - Snap shot by Oliver Bjorkstrand.
8:42 of 2nd period - Shot Misses the Net.
9:19 of 2nd period - Off-side.
9:20 of 2nd period - Anze Kopitar wins face-off versus John Tavares in neutral zone.
10:01 of 2nd period - Backhand shot by Troy Terry.
10:01 of 2nd period - Shot Blocked by Brock Nelson.
10:03 of 2nd period - Wrist shot by Jack Roslovic.
10:03 of 2nd period - Shot Blocked by Brock Nelson.
10:21 of 2nd period - Wrist shot by Jakub Vrana.
10:21 of 2nd period - Stopped by Jake Allen without a rebound.
10:22 of 2nd period - John Tavares wins face-off versus Anze Kopitar in Kings zone.
10:22 of 2nd period - John Tavares is hit by Nicholas Paul.
10:45 of 2nd period - Icing by Mikhail Sergachev.
10:46 of 2nd period - Matthew Tkachuk wins face-off versus Troy Terry in Ducks zone.
10:55 of 2nd period - Snap shot by Matthew Tkachuk.
10:55 of 2nd period - Stopped by Jake Allen with a rebound.
11:33 of 2nd period - Sebastian Aho is hit by Conor Sheary and loses puck.
11:38 of 2nd period - Wrist shot by Anze Kopitar.
11:38 of 2nd period - Stopped by Jake Allen without a rebound.
11:39 of 2nd period - Artemi Panarin wins face-off versus Anze Kopitar in Kings zone.
11:46 of 2nd period - Snap shot by Evgeny Kuznetsov.
11:46 of 2nd period - Stopped by Andrei Vasilevskiy without a rebound.
11:47 of 2nd period - Brock Nelson wins face-off versus Evgeny Kuznetsov in Ducks zone.
11:52 of 2nd period - Snap shot by Brock Nelson.
11:52 of 2nd period - Shot Misses the Net.
11:57 of 2nd period - Artemi Panarin is hit by Brock Nelson and loses puck.
12:03 of 2nd period - Off-side.
12:04 of 2nd period - John Tavares wins face-off versus Ryan McLeod in neutral zone.
12:07 of 2nd period - Snap shot by John Tavares.
12:07 of 2nd period - Stopped by Andrei Vasilevskiy with a rebound.
12:21 of 2nd period - Pierre-Luc Dubois is hit by Marco Scandella and loses puck.
12:51 of 2nd period - Icing by Kirby Dach.
12:52 of 2nd period - Brock Nelson wins face-off versus Evgeny Kuznetsov in Kings zone.
13:09 of 2nd period - Slapshot by Artemi Panarin.
13:09 of 2nd period - Stopped by Andrei Vasilevskiy without a rebound.
13:10 of 2nd period - Anze Kopitar wins face-off versus John Tavares in Ducks zone.
13:43 of 2nd period - Snap shot by Troy Terry.
13:43 of 2nd period - Stopped by Andrei Vasilevskiy with a rebound.
13:45 of 2nd period - Wrist shot by Dougie Hamilton.
13:45 of 2nd period - Stopped by Andrei Vasilevskiy with a rebound.
13:47 of 2nd period - Snap shot by Jamie Oleksiak.
13:47 of 2nd period - Shot Misses the Net.
13:57 of 2nd period - Jamie Oleksiak is hit by Matthew Tkachuk and loses puck.
14:10 of 2nd period - Minor Penalty to Zach Aston-Reese for Hooking.
14:11 of 2nd period - Anze Kopitar wins face-off versus John Tavares in Ducks zone.
14:37 of 2nd period - Adam Fox is hit by Nicholas Paul and loses puck.
16:10 of 2nd period - Penalty to Zach Aston-Reese is over, Zach Aston-Reese is back on ice.
17:48 of 2nd period - Slapshot by Rasmus Dahlin.
17:48 of 2nd period - Deflect By Jakub Vrana.
17:48 of 2nd period - Stopped by Andrei Vasilevskiy without a rebound.
17:49 of 2nd period - Evgeny Kuznetsov wins face-off versus Jakub Vrana in Ducks zone.
17:56 of 2nd period - Snap shot by Artemi Panarin.
17:56 of 2nd period - Shot Misses the Net.
17:58 of 2nd period - Slapshot by Evgeny Kuznetsov.
17:58 of 2nd period - Stopped by Andrei Vasilevskiy without a rebound.
17:59 of 2nd period - John Tavares wins face-off versus Anze Kopitar in Ducks zone.
18:03 of 2nd period - Minor Penalty to Nicholas Paul for Roughing.
18:04 of 2nd period - John Tavares wins face-off versus Anze Kopitar in Ducks zone.
18:04 of 2nd period - Vladimir Tarasenko is hit by Nick Holden and loses puck.
18:16 of 2nd period - Snap shot by Vladimir Tarasenko.
18:16 of 2nd period - Deflect By John Tavares.
18:16 of 2nd period - Stopped by Andrei Vasilevskiy without a rebound.
18:17 of 2nd period - John Tavares wins face-off versus Anze Kopitar in Ducks zone.
18:26 of 2nd period - Snap shot by Vladimir Tarasenko.
18:26 of 2nd period - Shot Blocked by Anze Kopitar.
18:28 of 2nd period - Wrist shot by Vladimir Tarasenko.
18:28 of 2nd period - Deflect By Pierre-Luc Dubois.
18:28 of 2nd period - Stopped by Andrei Vasilevskiy with a rebound.
18:49 of 2nd period - Charlie McAvoy is hit by Sebastian Aho and loses puck.
Goals for this period are 0 for Ducks vs 0 for Kings.
Shots for this period are 6 for Ducks vs 11 for Kings.

3rd period


0:01 of 3rd period - Anze Kopitar wins face-off versus John Tavares in neutral zone.
0:03 of 3rd period - Penalty to Nicholas Paul is over, Nicholas Paul is back on ice.
0:12 of 3rd period - Anze Kopitar is hit by Pierre-Luc Dubois and loses puck.
0:27 of 3rd period - Roman Josi is hit by Ryan McLeod and loses puck.
0:47 of 3rd period - Off-side.
0:48 of 3rd period - Evgeny Kuznetsov wins face-off versus Shane Prince in neutral zone.
0:48 of 3rd period - Evgeny Kuznetsov is hit by Micheal Ferland.
1:56 of 3rd period - Snap shot by Artemi Panarin.
1:56 of 3rd period - Shot Misses the Net.
1:58 of 3rd period - Slapshot by Alex Pietrangelo.
1:58 of 3rd period - Deflect By Artemi Panarin.
1:58 of 3rd period - Goal by Artemi Panarin - Ducks : 1 - Kings : 3.
1:59 of 3rd period - John Tavares wins face-off versus Anze Kopitar in neutral zone.
2:05 of 3rd period - Off-side.
2:06 of 3rd period - Anze Kopitar wins face-off versus John Tavares in neutral zone.
2:35 of 3rd period - Snap shot by Anze Kopitar.
2:35 of 3rd period - Stopped by Jake Allen with a rebound.
2:37 of 3rd period - Slapshot by Mikhail Sergachev.
2:37 of 3rd period - Stopped by Jake Allen without a rebound.
2:38 of 3rd period - Brock Nelson wins face-off versus Jack Roslovic in Kings zone.
2:42 of 3rd period - Minor Penalty to Jack Roslovic for High sticking.
2:43 of 3rd period - Anze Kopitar wins face-off versus John Tavares in Kings zone.
2:45 of 3rd period - Backhand shot by Conor Sheary.
2:45 of 3rd period - Stopped by Jake Allen with a rebound.
2:47 of 3rd period - Snap shot by Nicholas Paul.
2:47 of 3rd period - Deflect By Conor Sheary.
2:47 of 3rd period - Shot Blocked by Vladimir Tarasenko.
2:47 of 3rd period - Puck is out of play.
2:48 of 3rd period - John Tavares wins face-off versus Anze Kopitar in Kings zone.
2:48 of 3rd period - John Tavares is hit by Anze Kopitar.
4:12 of 3rd period - Conor Sheary is hit by Jamie Oleksiak and loses puck.
4:42 of 3rd period - Penalty to Jack Roslovic is over, Jack Roslovic is back on ice.
4:43 of 3rd period - Marco Scandella is hit by Oliver Bjorkstrand and loses puck.
5:00 of 3rd period - Slapshot by Alex Killorn.
5:00 of 3rd period - Deflect By Ryan McLeod.
5:00 of 3rd period - Stopped by Jake Allen without a rebound.
5:01 of 3rd period - Ryan McLeod wins face-off versus Kirby Dach in Kings zone.
5:06 of 3rd period - Wrist shot by Alex Killorn.
5:06 of 3rd period - Stopped by Jake Allen with a rebound.
5:19 of 3rd period - Kirby Dach is hit by Ryan McLeod and loses puck.
5:44 of 3rd period - Brock Nelson is hit by Kirby Dach and loses puck.
6:03 of 3rd period - Snap shot by Brock Nelson.
6:03 of 3rd period - Stopped by Jake Allen with a rebound.
6:05 of 3rd period - Snap shot by Matthew Tkachuk.
6:05 of 3rd period - Stopped by Jake Allen without a rebound.
6:06 of 3rd period - Anze Kopitar wins face-off versus John Tavares in Kings zone.
6:11 of 3rd period - Wrist shot by Conor Sheary.
6:11 of 3rd period - Stopped by Jake Allen without a rebound.
6:12 of 3rd period - John Tavares wins face-off versus Anze Kopitar in Kings zone.
6:12 of 3rd period - Vladimir Tarasenko is hit by Charlie McAvoy.
6:15 of 3rd period - Adam Fox is hit by Marco Scandella and loses puck.
6:24 of 3rd period - Wrist shot by Vladimir Tarasenko.
6:24 of 3rd period - Deflect By Pierre-Luc Dubois.
6:24 of 3rd period - Stopped by Andrei Vasilevskiy without a rebound.
6:25 of 3rd period - Brock Nelson wins face-off versus John Tavares in Ducks zone.
6:58 of 3rd period - Snap shot by Conor Sheary.
6:58 of 3rd period - Stopped by Jake Allen with a rebound.
7:08 of 3rd period - Minor Penalty to Marco Scandella for High sticking.
7:09 of 3rd period - John Tavares wins face-off versus Anze Kopitar in Ducks zone.
7:20 of 3rd period - Snap shot by John Tavares.
7:20 of 3rd period - Shot Misses the Net.
7:22 of 3rd period - Snap shot by Roman Josi.
7:22 of 3rd period - Stopped by Andrei Vasilevskiy with a rebound.
7:46 of 3rd period - Slapshot by Artemi Panarin.
7:46 of 3rd period - Stopped by Andrei Vasilevskiy without a rebound.
7:47 of 3rd period - Anze Kopitar wins face-off versus John Tavares in Ducks zone.
8:00 of 3rd period - Slapshot by Alex Pietrangelo.
8:00 of 3rd period - Stopped by Andrei Vasilevskiy without a rebound.
8:01 of 3rd period - Anze Kopitar wins face-off versus John Tavares in Ducks zone.
9:08 of 3rd period - Penalty to Marco Scandella is over, Marco Scandella is back on ice.
9:26 of 3rd period - Snap shot by Kirby Dach.
9:26 of 3rd period - Shot Misses the Net.
9:38 of 3rd period - Slapshot by Alex Pietrangelo.
9:38 of 3rd period - Shot Blocked by Justin Braun.
9:40 of 3rd period - Backhand shot by Devin Shore.
9:40 of 3rd period - Goal by Devin Shore - Ducks : 1 - Kings : 4.
9:40 of 3rd period - Tristan Jarry enters game.
9:41 of 3rd period - John Tavares wins face-off versus Brock Nelson in neutral zone.
9:48 of 3rd period - Wrist shot by Vladimir Tarasenko.
9:48 of 3rd period - Stopped by Tristan Jarry without a rebound.
9:49 of 3rd period - John Tavares wins face-off versus Brock Nelson in Ducks zone.
10:43 of 3rd period - Slapshot by John Tavares.
10:43 of 3rd period - Goal by John Tavares - Ducks : 1 - Kings : 5.
10:44 of 3rd period - Sebastian Aho wins face-off versus Anze Kopitar in neutral zone.
10:44 of 3rd period - Evgeny Kuznetsov is hit by Conor Sheary and loses puck.
11:11 of 3rd period - Alex Pietrangelo is hit by Mikhail Sergachev and loses puck.
11:24 of 3rd period - Marco Scandella is hit by Alex Pietrangelo and loses puck.
11:57 of 3rd period - Drake Batherson is hit by Zach Aston-Reese and loses puck.
12:08 of 3rd period - Wrist shot by Brock Nelson.
12:08 of 3rd period - Stopped by Jake Allen without a rebound.
12:09 of 3rd period - John Tavares wins face-off versus Anze Kopitar in Kings zone.
12:14 of 3rd period - Anze Kopitar is hit by Pierre-Luc Dubois and loses puck.
12:16 of 3rd period - Pierre-Luc Dubois and Marco Scandella fight to a draw.
12:16 of 3rd period - Penalty to Pierre-Luc Dubois for Fighting.
12:16 of 3rd period - Penalty to Marco Scandella for Fighting.
12:17 of 3rd period - John Tavares wins face-off versus Anze Kopitar in Ducks zone.
12:30 of 3rd period - Slapshot by John Tavares.
12:30 of 3rd period - Shot Misses the Net.
12:32 of 3rd period - Minor Penalty to Charlie McAvoy for Cross-checking.
12:33 of 3rd period - John Tavares wins face-off versus Anze Kopitar in Ducks zone.
13:00 of 3rd period - Snap shot by Zach Aston-Reese.
13:00 of 3rd period - Stopped by Jake Allen without a rebound.
13:01 of 3rd period - Evgeny Kuznetsov wins face-off versus Nicholas Paul in Kings zone.
13:52 of 3rd period - Icing by Roman Josi.
13:53 of 3rd period - John Tavares wins face-off versus Anze Kopitar in Kings zone.
13:53 of 3rd period - John Tavares is hit by Justin Braun.
14:32 of 3rd period - Penalty to Charlie McAvoy is over, Charlie McAvoy is back on ice.
15:25 of 3rd period - Off-side.
15:26 of 3rd period - Anze Kopitar wins face-off versus John Tavares in neutral zone.
16:21 of 3rd period - Wrist shot by Evgeny Kuznetsov.
16:21 of 3rd period - Shot Misses the Net.
16:42 of 3rd period - Snap shot by Anze Kopitar.
16:42 of 3rd period - Shot Hit the Post.
16:44 of 3rd period - Wrist shot by Conor Sheary.
16:44 of 3rd period - Shot Blocked by Vladimir Tarasenko.
17:16 of 3rd period - Snap shot by Conor Sheary.
17:16 of 3rd period - Stopped by Jake Allen with a rebound.
17:18 of 3rd period - Slapshot by Nick Holden.
17:18 of 3rd period - Stopped by Jake Allen with a rebound.
17:20 of 3rd period - Wrist shot by Anze Kopitar.
17:20 of 3rd period - Stopped by Jake Allen with a rebound.
17:22 of 3rd period - Snap shot by Charlie McAvoy.
17:22 of 3rd period - Stopped by Jake Allen without a rebound.
17:23 of 3rd period - Brock Nelson wins face-off versus Kirby Dach in Kings zone.
17:32 of 3rd period - Snap shot by Matthew Tkachuk.
17:32 of 3rd period - Shot Misses the Net.
17:34 of 3rd period - Wrist shot by Justin Braun.
17:34 of 3rd period - Stopped by Jake Allen with a rebound.
17:40 of 3rd period - Wrist shot by Matthew Tkachuk.
17:40 of 3rd period - Stopped by Jake Allen with a rebound.
17:55 of 3rd period - Ryan McLeod is hit by Adam Fox and loses puck.
18:36 of 3rd period - Brock Nelson is hit by Drake Batherson.
18:50 of 3rd period - Drake Batherson is hit by Micheal Ferland and loses puck.
19:13 of 3rd period - Roman Josi is hit by Marco Scandella.
19:35 of 3rd period - Troy Terry is hit by Matthew Tkachuk and loses puck.
19:48 of 3rd period - Alex Pietrangelo is hit by Alex Killorn and loses puck.
Goals for this period are 0 for Ducks vs 3 for Kings.
Shots for this period are 17 for Ducks vs 8 for Kings.